[ AOE2 MATCH · #481260746 ]
UnrankedPersians vs Teutons
[ REPLAY ANALYSIS · EXTRACTED FROM THE RECORDED GAME ]
Feudal
—
Castle
—
Imperial
—
| APM avg | 12.7 |
| APM peak | 44 |
| eAPM avg | 9.7 |
| Villagers / military | 127 / 256 |
Focus
⚔️ 46.8% · 🌾 53.2%
Archer ×168 · Knight ×75 · Fishing Ship ×10 · Cannon Galleon ×5 · Trebuchet (Packed) ×4 · Transport Ship ×2
Feudal
—
Castle
—
Imperial
—
| APM avg | 10.6 |
| APM peak | 36 |
| eAPM avg | 7.8 |
| Villagers / military | 38 / 199 |
Focus
⚔️ 54.1% · 🌾 45.9%
Spearman ×122 · Knight ×22 · Archer ×21 · Fire Galley ×14 · Battering Ram ×8 · Fishing Ship ×7
Feudal
—
Castle
—
Imperial
—
| APM avg | 14.3 |
| APM peak | 33 |
| eAPM avg | 8.7 |
| Villagers / military | 97 / 374 |
Focus
⚔️ 34.8% · 🌾 65.2%
Spearman ×204 · Skirmisher ×124 · Teutonic Knight ×29 · Fishing Ship ×28 · Bombard Cannon ×15 · Trade Cart ×4
Feudal
—
Castle
—
Imperial
—
| APM avg | 10.6 |
| APM peak | 31 |
| eAPM avg | 7.7 |
| Villagers / military | 93 / 336 |
Focus
⚔️ 55.5% · 🌾 44.5%
Spearman ×156 · Knight ×80 · Scout Cavalry ×49 · Throwing Axeman ×24 · Battering Ram ×19 · Trebuchet (Packed) ×7
Feudal
—
Castle
—
Imperial
—
| APM avg | 0.9 |
| APM peak | 48 |
| eAPM avg | 0.1 |
| Villagers / military | 0 / 0 |
Focus
⚔️ 0.0% · 🌾 100.0%
Feudal
—
Castle
—
Imperial
—
| APM avg | 0.1 |
| APM peak | 5 |
| eAPM avg | 0.1 |
| Villagers / military | 0 / 0 |
Feudal
—
Castle
—
Imperial
—
| APM avg | 17.1 |
| APM peak | 58 |
| eAPM avg | 11.8 |
| Villagers / military | 94 / 317 |
Focus
⚔️ 56.4% · 🌾 43.6%
Spearman ×190 · Cavalry Archer ×72 · War Wagon ×28 · Fire Lancer ×20 · Fishing Ship ×16 · Fire Galley ×3
Feudal
—
Castle
—
Imperial
—
| APM avg | 33.8 |
| APM peak | 105 |
| eAPM avg | 16.1 |
| Villagers / military | 227 / 299 |
Focus
⚔️ 26.7% · 🌾 73.3%
Knight ×113 · Janissary ×88 · Militia ×57 · Bombard Cannon ×20 · Fishing Ship ×19 · Scout Cavalry ×14
Match map
Initial resources + every placement click. Lines = walls · curves = elevation contours. ◆ gold · ⬟ stone · ● berries · ✦ relic · ◌ wall gap
Your base· Open — unwalled flank
dmujicagarcia's base· Open — 11t gap
BurningChild's base· Open — 6t gap
HYDROPONIC KING's base· Open — 3t gap
Twixxo's base· Open — unwalled flank
only p with pro's base· Open — unwalled flank
Chrisavc6256's base· Open — unwalled flank
therealnapoleon's base· Open — unwalled flank
Smoothed initial terrain · ◌ = detected wall gap · hover for details
Inputs per minute
— yabin.belrojo - - dmujicagarcia
Build order — yabin.belrojo
First 150 of 541 actions detected
| 0:40 | Build | Town Center |
| 2:00 | Build | House |
| 3:17 | Create | Villager (Male) |
| 3:18 | Create | Villager (Male) |
| 3:18 | Create | Villager (Male) |
| 3:18 | Create | Villager (Male) |
| 3:19 | Create | Villager (Male) |
| 3:29 | Build | Dock |
| 4:20 | Build | House |
| 4:21 | Create | Fishing Ship |
| 4:56 | Build | House |
| 5:18 | Create | Villager (Male) |
| 5:59 | Create | Fishing Ship |
| 6:07 | Build | House |
| 6:27 | Create | Villager (Male) |
| 6:58 | Build | House |
| 7:06 | Create | Villager (Male) |
| 7:31 | Create | Fishing Ship |
| 8:05 | Create | Villager (Male) |
| 8:06 | Create | Villager (Male) |
| 8:06 | Create | Villager (Male) |
| 8:17 | Build | Mining Camp |
| 9:01 | Create | Villager (Male) |
| 9:09 | Create | Fishing Ship |
| 9:41 | Create | Fishing Ship |
| 9:51 | Create | Villager (Male) |
| 10:21 | Build | Mill |
| 10:29 | Create | Villager (Male) |
| 10:50 | Create | Fishing Ship |
| 11:07 | Create | Villager (Male) |
| 11:23 | Create | Fishing Ship |
| 12:05 | Build | House |
| 12:10 | Build | House |
| 12:13 | Build | House |
| 12:29 | Create | Fishing Ship |
| 12:53 | Research | Feudal Age |
| 13:38 | Create | Villager (Male) |
| 13:39 | Create | Villager (Male) |
| 13:56 | Build | Barracks |
| 14:20 | Create | Fishing Ship |
| 14:53 | Build | House |
| 15:30 | Build | Stable |
| 15:35 | Create | Villager (Male) |
| 15:58 | Create | Trade Cog |
| 16:21 | Create | Villager (Male) |
| 16:22 | Create | Villager (Male) |
| 17:02 | Build | Lumber Camp |
| 17:10 | Create | Villager (Male) |
| 17:28 | Create | Villager (Male) |
| 18:11 | Build | Archery Range |
| 18:18 | Create | Villager (Male) |
| 18:24 | Create | Villager (Male) |
| 18:33 | Research | Double-Bit Axe |
| 18:57 | Create | Fishing Ship |
| 19:48 | Create | Villager (Male) |
| 20:38 | Research | Castle Age |
| 21:33 | Create | Villager (Male) |
| 21:44 | Create | Villager (Male) |
| 22:20 | Build | House |
| 22:21 | Build | House |
| 22:23 | Build | House |
| 22:26 | Build | House |
| 22:28 | Build | House |
| 22:30 | Build | House |
| 22:33 | Build | House |
| 22:36 | Build | House |
| 23:04 | Create | Villager (Male) |
| 23:19 | Build | Town Center |
| 23:30 | Build | Farm |
| 23:56 | Create | Knight |
| 23:56 | Create | Knight |
| 23:57 | Create | Knight |
| 23:57 | Create | Knight |
| 23:58 | Create | Knight |
| 24:01 | Build | Farm |
| 24:05 | Create | Villager (Male) |
| 24:14 | Build | Farm |
| 24:23 | Research | Horse Collar |
| 24:49 | Build | Farm |
| 24:52 | Create | Villager (Male) |
| 25:07 | Research | Bow Saw |
| 25:19 | Create | Villager (Male) |
| 25:25 | Build | Farm |
| 26:10 | Build | Stable |
| 26:15 | Build | Blacksmith |
| 26:17 | Create | Villager (Male) |
| 26:17 | Create | Villager (Male) |
| 26:18 | Create | Villager (Male) |
| 26:21 | Create | Villager (Male) |
| 26:21 | Create | Villager (Male) |
| 26:22 | Create | Villager (Male) |
| 26:22 | Create | Villager (Male) |
| 27:16 | Build | Farm |
| 27:38 | Build | Stone Wall |
| 27:44 | Build | Gate |
| 28:07 | Build | Stable |
| 28:11 | Create | Villager (Male) |
| 28:12 | Create | Villager (Male) |
| 28:12 | Create | Villager (Male) |
| 28:29 | Build | Farm |
| 28:34 | Build | Farm |
| 29:33 | Build | Castle |
| 30:55 | Create | Villager (Male) |
| 30:55 | Create | Villager (Male) |
| 31:46 | Create | Villager (Male) |
| 31:52 | Research | Heavy Plow |
| 32:01 | Create | Villager (Male) |
| 32:01 | Create | Villager (Male) |
| 32:02 | Create | Villager (Male) |
| 32:03 | Create | Villager (Male) |
| 32:19 | Build | Castle |
| 32:25 | Build | Archery Range |
| 32:26 | Build | Archery Range |
| 32:28 | Build | Archery Range |
| 32:31 | Research | Kamandaran |
| 32:47 | Build | Town Center |
| 32:57 | Create | Villager (Male) |
| 32:57 | Create | Villager (Male) |
| 33:08 | Build | Farm |
| 33:46 | Build | Stone Wall |
| 33:54 | Build | Stone Wall |
| 34:20 | Create | Archer |
| 34:20 | Create | Archer |
| 34:21 | Create | Archer |
| 34:21 | Create | Archer |
| 34:21 | Create | Archer |
| 34:22 | Create | Archer |
| 34:22 | Create | Archer |
| 34:22 | Create | Archer |
| 34:23 | Create | Archer |
| 34:23 | Create | Archer |
| 34:23 | Create | Archer |
| 34:32 | Research | Imperial Age |
| 34:38 | Build | Farm |
| 34:44 | Research | Gold Mining |
| 35:14 | Build | Mining Camp |
| 35:21 | Build | Siege Workshop |
| 35:26 | Build | University |
| 35:57 | Build | Stone Wall |
| 36:08 | Research | Wheelbarrow |
| 36:12 | Build | Farm |
| 36:29 | Build | House |
| 36:30 | Build | House |
| 36:32 | Build | House |
| 36:33 | Build | House |
| 36:35 | Build | House |
| 36:51 | Research | Crossbowman (upgrade) |
| 36:52 | Create | Archer |
| 36:52 | Create | Archer |
| 36:53 | Create | Archer |
Build order — dmujicagarcia
First 150 of 314 actions detected
| 1:00 | Build | Town Center |
| 3:41 | Build | House |
| 3:43 | Build | House |
| 3:47 | Create | Villager (Male) |
| 3:48 | Create | Villager (Male) |
| 3:48 | Create | Villager (Male) |
| 3:49 | Create | Villager (Male) |
| 4:56 | Create | Villager (Male) |
| 4:56 | Create | Villager (Male) |
| 5:46 | Create | Villager (Male) |
| 6:21 | Create | Villager (Male) |
| 6:47 | Create | Villager (Male) |
| 7:23 | Create | Villager (Male) |
| 7:23 | Create | Villager (Male) |
| 7:55 | Build | Dock |
| 8:54 | Create | Fishing Ship |
| 8:54 | Create | Fishing Ship |
| 9:03 | Create | Villager (Male) |
| 9:03 | Create | Villager (Male) |
| 9:42 | Build | House |
| 9:45 | Build | House |
| 11:01 | Build | House |
| 11:04 | Build | House |
| 11:07 | Create | Villager (Male) |
| 11:07 | Create | Villager (Male) |
| 11:07 | Create | Villager (Male) |
| 11:10 | Create | Villager (Male) |
| 12:22 | Build | Barracks |
| 12:46 | Create | Fishing Ship |
| 12:58 | Create | Villager (Male) |
| 12:58 | Create | Villager (Male) |
| 12:59 | Create | Villager (Male) |
| 13:42 | Build | Mining Camp |
| 14:01 | Research | Feudal Age |
| 14:32 | Build | Mill |
| 15:01 | Build | Farm |
| 15:04 | Build | Farm |
| 15:35 | Create | Villager (Male) |
| 15:36 | Create | Villager (Male) |
| 15:36 | Create | Villager (Male) |
| 16:06 | Create | Villager (Male) |
| 16:21 | Research | Horse Collar |
| 16:28 | Create | Spearman |
| 16:28 | Create | Spearman |
| 16:29 | Create | Spearman |
| 16:29 | Create | Spearman |
| 16:29 | Create | Spearman |
| 16:41 | Create | Fishing Ship |
| 16:41 | Create | Fishing Ship |
| 16:54 | Build | Farm |
| 17:06 | Build | Farm |
| 17:28 | Build | Lumber Camp |
| 17:44 | Build | Farm |
| 18:04 | Build | Farm |
| 18:21 | Create | Villager (Male) |
| 18:21 | Create | Villager (Male) |
| 18:46 | Research | Double-Bit Axe |
| 18:56 | Build | House |
| 18:58 | Build | House |
| 19:20 | Create | Spearman |
| 19:20 | Create | Spearman |
| 19:20 | Create | Spearman |
| 19:20 | Create | Spearman |
| 19:21 | Create | Spearman |
| 19:40 | Create | Villager (Male) |
| 19:40 | Create | Villager (Male) |
| 20:03 | Build | Blacksmith |
| 20:13 | Build | Archery Range |
| 21:13 | Build | Mining Camp |
| 21:49 | Create | Fishing Ship |
| 21:49 | Create | Fishing Ship |
| 22:17 | Create | Archer |
| 22:18 | Create | Archer |
| 22:18 | Create | Archer |
| 22:53 | Build | House |
| 22:54 | Build | House |
| 22:56 | Build | House |
| 24:20 | Research | Castle Age |
| 24:39 | Build | Dock |
| 24:53 | Create | Archer |
| 24:53 | Create | Archer |
| 24:57 | Create | Archer |
| 25:28 | Create | Fire Galley |
| 25:58 | Build | Market |
| 26:38 | Create | Spearman |
| 26:39 | Create | Spearman |
| 26:39 | Create | Spearman |
| 26:39 | Create | Spearman |
| 26:40 | Create | Spearman |
| 26:40 | Create | Spearman |
| 26:40 | Create | Spearman |
| 27:35 | Create | Fire Galley |
| 27:36 | Create | Fire Galley |
| 27:36 | Create | Fire Galley |
| 27:41 | Create | Fire Galley |
| 27:41 | Create | Fire Galley |
| 27:41 | Create | Fire Galley |
| 27:53 | Research | Pikeman (upgrade) |
| 28:20 | Create | Archer |
| 28:20 | Create | Archer |
| 28:20 | Create | Archer |
| 28:57 | Create | Fire Galley |
| 28:57 | Create | Fire Galley |
| 29:58 | Create | Spearman |
| 29:59 | Create | Spearman |
| 30:04 | Create | Villager (Male) |
| 30:05 | Create | Villager (Male) |
| 30:29 | Build | Castle |
| 32:07 | Build | Lumber Camp |
| 32:19 | Create | Organ Gun |
| 32:19 | Create | Organ Gun |
| 32:42 | Create | Villager (Male) |
| 32:43 | Create | Villager (Male) |
| 32:49 | Build | Farm |
| 32:51 | Build | Farm |
| 33:18 | Create | Spearman |
| 33:19 | Create | Spearman |
| 33:19 | Create | Spearman |
| 33:19 | Create | Spearman |
| 33:20 | Create | Spearman |
| 33:24 | Create | Archer |
| 33:25 | Create | Archer |
| 33:25 | Create | Archer |
| 33:25 | Create | Archer |
| 33:26 | Research | Crossbowman (upgrade) |
| 33:44 | Build | Farm |
| 33:49 | Build | Farm |
| 33:54 | Create | Villager (Male) |
| 33:54 | Create | Villager (Male) |
| 35:07 | Create | Fire Galley |
| 35:07 | Create | Fire Galley |
| 35:07 | Create | Fire Galley |
| 35:08 | Create | Fire Galley |
| 35:08 | Create | Fire Galley |
| 35:38 | Build | Siege Workshop |
| 36:20 | Create | Battering Ram |
| 36:20 | Create | Battering Ram |
| 36:21 | Create | Battering Ram |
| 36:21 | Create | Battering Ram |
| 36:29 | Build | House |
| 36:30 | Build | House |
| 37:47 | Build | House |
| 38:38 | Build | Mining Camp |
| 38:40 | Create | Villager (Male) |
| 38:40 | Create | Villager (Male) |
| 39:58 | Create | Spearman |
| 39:58 | Create | Spearman |
| 39:59 | Create | Spearman |
| 39:59 | Create | Spearman |
| 40:01 | Create | Spearman |
Build order — BurningChild
First 150 of 382 actions detected
| 1:21 | Build | Town Center |
| 2:50 | Build | House |
| 2:52 | Build | House |
| 2:54 | Build | House |
| 3:56 | Create | Villager (Male) |
| 3:56 | Create | Villager (Male) |
| 3:57 | Create | Villager (Male) |
| 3:57 | Create | Villager (Male) |
| 5:08 | Create | Villager (Male) |
| 5:34 | Research | Loom |
| 5:55 | Create | Villager (Male) |
| 5:55 | Create | Villager (Male) |
| 6:24 | Create | Villager (Male) |
| 7:02 | Create | Villager (Male) |
| 7:02 | Create | Villager (Male) |
| 7:03 | Create | Villager (Male) |
| 8:23 | Create | Villager (Male) |
| 8:24 | Create | Villager (Male) |
| 8:47 | Build | Dock |
| 9:17 | Create | Fishing Ship |
| 9:18 | Create | Fishing Ship |
| 9:40 | Create | Villager (Male) |
| 9:40 | Create | Villager (Male) |
| 9:40 | Create | Villager (Male) |
| 9:41 | Create | Villager (Male) |
| 9:41 | Create | Villager (Male) |
| 10:27 | Create | Villager (Male) |
| 10:36 | Build | House |
| 10:43 | Create | Fishing Ship |
| 11:07 | Create | Villager (Male) |
| 11:07 | Create | Villager (Male) |
| 11:19 | Build | House |
| 11:45 | Build | Mill |
| 12:06 | Create | Fishing Ship |
| 12:50 | Create | Fishing Ship |
| 12:50 | Create | Fishing Ship |
| 12:50 | Create | Fishing Ship |
| 12:57 | Create | Villager (Male) |
| 12:57 | Create | Villager (Male) |
| 12:58 | Create | Villager (Male) |
| 13:19 | Build | Mining Camp |
| 13:40 | Create | Fishing Ship |
| 14:04 | Create | Villager (Male) |
| 14:04 | Create | Villager (Male) |
| 14:04 | Create | Villager (Male) |
| 14:18 | Build | House |
| 14:19 | Build | House |
| 14:20 | Build | House |
| 14:46 | Build | House |
| 15:28 | Research | Feudal Age |
| 15:43 | Build | Mining Camp |
| 16:45 | Create | Fishing Ship |
| 16:46 | Create | Fishing Ship |
| 16:46 | Create | Fishing Ship |
| 16:46 | Create | Fishing Ship |
| 16:46 | Create | Fishing Ship |
| 16:55 | Build | House |
| 16:59 | Build | House |
| 17:25 | Create | Fishing Ship |
| 17:25 | Create | Fishing Ship |
| 17:44 | Create | Villager (Male) |
| 17:45 | Create | Villager (Male) |
| 17:45 | Create | Villager (Male) |
| 17:45 | Create | Villager (Male) |
| 17:45 | Create | Villager (Male) |
| 17:53 | Research | Wheelbarrow |
| 18:01 | Build | House |
| 18:02 | Build | House |
| 18:17 | Build | Watch Tower |
| 18:54 | Build | Watch Tower |
| 19:09 | Build | House |
| 19:46 | Build | Watch Tower |
| 20:27 | Build | Watch Tower |
| 21:24 | Build | Lumber Camp |
| 21:31 | Create | Villager (Male) |
| 21:31 | Create | Villager (Male) |
| 21:31 | Create | Villager (Male) |
| 21:31 | Create | Villager (Male) |
| 21:32 | Create | Villager (Male) |
| 21:32 | Create | Villager (Male) |
| 21:32 | Create | Villager (Male) |
| 21:33 | Create | Villager (Male) |
| 21:33 | Create | Villager (Male) |
| 22:03 | Build | Dock |
| 22:36 | Build | Dock |
| 22:46 | Create | Fishing Ship |
| 23:19 | Create | Demolition Raft |
| 23:19 | Create | Demolition Raft |
| 23:22 | Create | Fishing Ship |
| 23:23 | Create | Fishing Ship |
| 23:23 | Create | Fishing Ship |
| 23:54 | Build | Farm |
| 23:56 | Build | Farm |
| 24:12 | Build | Market |
| 24:17 | Create | Villager (Male) |
| 24:37 | Build | Blacksmith |
| 25:04 | Build | Farm |
| 25:04 | Build | Farm |
| 25:04 | Build | Farm |
| 25:10 | Research | Castle Age |
| 25:33 | Build | Barracks |
| 26:15 | Build | Stable |
| 26:24 | Research | Gold Mining |
| 26:38 | Research | Double-Bit Axe |
| 26:49 | Research | Stone Mining |
| 27:02 | Build | House |
| 27:04 | Build | House |
| 28:04 | Build | Mining Camp |
| 28:09 | Create | Villager (Male) |
| 28:09 | Create | Villager (Male) |
| 28:10 | Create | Villager (Male) |
| 28:10 | Create | Villager (Male) |
| 28:11 | Create | Villager (Male) |
| 28:11 | Create | Villager (Male) |
| 28:11 | Create | Villager (Male) |
| 28:12 | Create | Villager (Male) |
| 28:12 | Create | Villager (Male) |
| 28:13 | Create | Villager (Male) |
| 28:13 | Create | Villager (Male) |
| 28:21 | Build | Castle |
| 28:36 | Build | House |
| 28:36 | Build | House |
| 28:36 | Build | House |
| 28:37 | Build | House |
| 28:37 | Build | House |
| 28:37 | Build | House |
| 28:37 | Build | House |
| 28:38 | Build | House |
| 28:38 | Build | House |
| 28:44 | Build | Farm |
| 28:49 | Research | Horse Collar |
| 29:11 | Create | Spearman |
| 29:11 | Create | Spearman |
| 29:11 | Create | Spearman |
| 29:13 | Create | Spearman |
| 30:28 | Research | Pikeman (upgrade) |
| 30:53 | Build | Barracks |
| 31:00 | Research | Imperial Age |
| 31:09 | Build | Lumber Camp |
| 31:17 | Build | Barracks |
| 31:32 | Build | Mining Camp |
| 31:59 | Build | Siege Workshop |
| 32:18 | Build | House |
| 32:19 | Build | House |
| 32:19 | Build | House |
| 32:20 | Build | House |
| 32:20 | Build | House |
| 32:21 | Build | House |
| 32:21 | Build | House |
| 32:21 | Build | House |
Build order — HYDROPONIC KING
First 150 of 347 actions detected
| 0:17 | Build | Town Center |
| 2:11 | Build | House |
| 2:19 | Build | House |
| 2:22 | Build | House |
| 2:41 | Create | Villager (Male) ×4 |
| 2:41 | Create | Villager (Male) |
| 2:43 | Research | Loom |
| 3:54 | Create | Villager (Male) |
| 4:42 | Build | Lumber Camp |
| 4:54 | Create | Villager (Male) |
| 5:01 | Create | Villager (Male) |
| 5:53 | Create | Villager (Male) |
| 5:54 | Create | Villager (Male) |
| 6:27 | Create | Villager (Male) |
| 7:37 | Create | Villager (Male) |
| 7:37 | Create | Villager (Male) |
| 7:47 | Build | Mill |
| 8:24 | Build | House |
| 8:36 | Build | House |
| 8:49 | Build | Farm |
| 9:27 | Build | Farm |
| 9:45 | Create | Villager (Male) ×6 |
| 10:05 | Build | Farm |
| 10:28 | Build | Outpost |
| 10:47 | Build | House |
| 11:00 | Build | Palisade Gate |
| 11:08 | Build | Farm |
| 11:11 | Create | Villager (Male) |
| 11:11 | Create | Villager (Male) |
| 11:35 | Build | Outpost |
| 11:45 | Build | Farm |
| 11:49 | Build | Farm |
| 11:53 | Build | Farm |
| 11:57 | Build | Farm |
| 12:27 | Build | Farm |
| 12:58 | Build | House |
| 13:01 | Build | House |
| 13:06 | Build | House |
| 13:13 | Create | Villager (Male) |
| 13:13 | Create | Villager (Male) |
| 13:14 | Create | Villager (Male) |
| 13:27 | Build | Barracks |
| 13:47 | Build | Farm |
| 13:59 | Build | Farm |
| 14:25 | Build | Farm |
| 15:11 | Build | Mill |
| 15:20 | Research | Feudal Age |
| 16:30 | Create | Militia |
| 16:54 | Create | Villager (Male) |
| 16:54 | Create | Villager (Male) |
| 16:55 | Create | Villager (Male) |
| 16:55 | Create | Villager (Male) |
| 17:34 | Research | Double-Bit Axe |
| 17:47 | Research | Wheelbarrow |
| 18:06 | Build | Blacksmith |
| 18:23 | Build | Mining Camp |
| 18:32 | Create | Villager (Male) |
| 18:32 | Create | Villager (Male) |
| 18:33 | Create | Villager (Male) |
| 18:33 | Create | Villager (Male) |
| 19:53 | Create | Villager (Male) |
| 19:53 | Create | Villager (Male) |
| 19:54 | Create | Villager (Male) |
| 20:01 | Create | Spearman |
| 20:01 | Create | Spearman |
| 20:02 | Create | Spearman |
| 20:32 | Build | Market |
| 20:58 | Build | House |
| 21:04 | Build | House |
| 21:06 | Build | House |
| 21:08 | Build | House |
| 21:16 | Create | Villager (Male) |
| 21:17 | Create | Villager (Male) |
| 21:17 | Create | Villager (Male) |
| 21:17 | Create | Villager (Male) |
| 21:17 | Create | Villager (Male) |
| 21:48 | Build | Farm |
| 21:56 | Build | Farm |
| 22:37 | Build | Mining Camp |
| 23:40 | Research | Castle Age |
| 24:18 | Build | Farm |
| 24:47 | Build | Stable |
| 25:45 | Create | Spearman |
| 25:46 | Create | Spearman |
| 25:48 | Create | Spearman |
| 25:49 | Create | Spearman |
| 25:54 | Research | Arson |
| 25:55 | Create | Spearman |
| 25:55 | Create | Spearman |
| 25:56 | Create | Spearman |
| 25:59 | Create | Spearman |
| 25:59 | Create | Spearman |
| 26:01 | Create | Spearman |
| 26:01 | Create | Spearman |
| 26:02 | Create | Spearman |
| 26:05 | Create | Spearman |
| 26:05 | Create | Spearman |
| 26:15 | Build | House |
| 26:17 | Build | House |
| 26:31 | Create | Scout Cavalry |
| 26:31 | Create | Scout Cavalry |
| 26:31 | Create | Scout Cavalry |
| 26:32 | Create | Scout Cavalry |
| 26:32 | Create | Scout Cavalry |
| 26:32 | Create | Scout Cavalry |
| 26:33 | Create | Scout Cavalry |
| 26:42 | Research | Gold Mining |
| 26:43 | Research | Stone Mining |
| 27:00 | Research | Scale Barding Armor |
| 27:03 | Research | Scale Mail Armor |
| 28:36 | Research | Hand Cart |
| 28:40 | Research | Bow Saw |
| 28:53 | Build | Town Center |
| 29:30 | Research | Forging |
| 30:50 | Research | Pikeman (upgrade) |
| 30:52 | Research | Gambesons |
| 30:53 | Research | Squires |
| 31:00 | Research | Chain Mail Armor |
| 31:05 | Create | Villager (Male) |
| 31:05 | Create | Villager (Male) |
| 32:23 | Create | Villager (Male) ×9 |
| 32:23 | Create | Villager (Male) |
| 32:32 | Build | Farm |
| 32:46 | Build | Farm |
| 32:54 | Build | Farm |
| 32:57 | Create | Villager (Male) |
| 32:58 | Create | Villager (Male) |
| 32:58 | Create | Villager (Male) |
| 32:58 | Create | Villager (Male) |
| 33:26 | Build | Castle |
| 33:35 | Create | Villager (Male) |
| 33:35 | Create | Villager (Male) |
| 33:35 | Create | Villager (Male) |
| 33:37 | Create | Villager (Male) |
| 33:37 | Create | Villager (Male) |
| 34:09 | Build | Farm |
| 34:21 | Build | University |
| 34:36 | Build | Mining Camp |
| 34:41 | Create | Villager (Male) |
| 34:41 | Create | Villager (Male) |
| 34:41 | Create | Villager (Male) |
| 34:46 | Create | Villager (Male) |
| 34:47 | Create | Villager (Male) |
| 34:47 | Create | Villager (Male) |
| 34:47 | Create | Villager (Male) |
| 36:14 | Build | House |
| 36:15 | Build | House |
| 36:16 | Build | House |
| 36:17 | Build | House |
| 36:18 | Build | House |
Build order — Twixxo
1 actions detected in the replay
| 1:40 | Build | Town Center |
Build order — only p with pro
0 actions detected in the replay
Build order — Chrisavc6256
First 150 of 601 actions detected
| 1:46 | Build | Town Center |
| 4:14 | Build | House |
| 4:20 | Create | Villager (Male) |
| 4:20 | Create | Villager (Male) |
| 4:21 | Create | Villager (Male) |
| 4:21 | Create | Villager (Male) |
| 4:57 | Build | House |
| 5:28 | Create | Villager (Male) |
| 5:29 | Create | Villager (Male) |
| 5:29 | Create | Villager (Male) |
| 5:42 | Build | House |
| 7:13 | Create | Villager (Male) |
| 7:13 | Create | Villager (Male) |
| 7:13 | Create | Villager (Male) |
| 7:14 | Create | Villager (Male) |
| 8:27 | Create | Villager (Male) |
| 8:27 | Create | Villager (Male) |
| 8:47 | Create | Villager (Male) |
| 9:20 | Create | Villager (Male) |
| 9:23 | Create | Villager (Male) |
| 9:50 | Create | Villager (Male) |
| 10:52 | Build | Dock |
| 11:04 | Create | Villager (Male) |
| 11:45 | Create | Fishing Ship |
| 11:45 | Create | Fishing Ship |
| 12:00 | Create | Villager (Male) |
| 12:00 | Create | Villager (Male) |
| 12:14 | Build | House |
| 12:20 | Build | House |
| 12:49 | Create | Fishing Ship |
| 13:37 | Build | Barracks |
| 13:51 | Build | Dock |
| 14:12 | Create | Villager (Male) |
| 14:13 | Create | Villager (Male) |
| 14:24 | Create | Fishing Ship |
| 14:31 | Create | Fishing Ship |
| 14:39 | Create | Fishing Ship |
| 14:50 | Research | Feudal Age |
| 15:01 | Build | House |
| 15:16 | Create | Fishing Ship |
| 15:22 | Create | Fishing Ship |
| 15:48 | Build | Lumber Camp |
| 15:56 | Build | House |
| 16:31 | Create | Villager (Male) |
| 16:31 | Create | Villager (Male) |
| 16:42 | Build | Mining Camp |
| 17:18 | Build | Archery Range |
| 17:27 | Create | Fire Galley |
| 17:51 | Build | Palisade Wall |
| 17:56 | Build | Palisade Gate |
| 18:11 | Create | Villager (Male) |
| 18:12 | Create | Villager (Male) |
| 18:12 | Create | Villager (Male) |
| 18:12 | Create | Villager (Male) |
| 18:14 | Create | Villager (Male) |
| 18:14 | Create | Villager (Male) |
| 18:40 | Create | Fishing Ship |
| 18:46 | Create | Fishing Ship |
| 18:46 | Create | Fishing Ship |
| 19:26 | Build | Archery Range |
| 19:48 | Build | Mining Camp |
| 20:38 | Build | Lumber Camp |
| 20:54 | Build | Blacksmith |
| 21:10 | Build | Archery Range |
| 21:15 | Build | House |
| 21:23 | Research | Wheelbarrow |
| 21:29 | Research | Double-Bit Axe |
| 22:15 | Create | Fishing Ship |
| 22:19 | Create | Fishing Ship |
| 22:19 | Create | Fishing Ship |
| 22:45 | Build | Archery Range |
| 22:50 | Research | Castle Age |
| 22:59 | Research | Fletching |
| 23:19 | Create | Fishing Ship |
| 23:20 | Create | Fishing Ship |
| 23:23 | Create | Fire Galley |
| 23:38 | Build | Dock |
| 24:06 | Build | Stone Wall |
| 24:16 | Build | Stone Wall |
| 24:22 | Build | Gate |
| 24:32 | Build | House |
| 24:34 | Build | House |
| 24:35 | Build | House |
| 24:46 | Research | Gold Mining |
| 24:56 | Build | Dock |
| 25:01 | Create | Fire Galley |
| 25:48 | Create | Cavalry Archer |
| 25:49 | Create | Cavalry Archer |
| 25:49 | Create | Cavalry Archer |
| 25:49 | Create | Cavalry Archer |
| 25:49 | Create | Cavalry Archer |
| 26:32 | Build | Town Center |
| 26:48 | Research | Bodkin Arrow |
| 27:58 | Build | Town Center |
| 28:08 | Create | Cavalry Archer |
| 28:08 | Create | Cavalry Archer |
| 28:08 | Create | Cavalry Archer |
| 28:41 | Build | Stone Wall |
| 28:49 | Create | Villager (Male) |
| 28:50 | Create | Villager (Male) |
| 28:50 | Create | Villager (Male) |
| 28:51 | Create | Villager (Male) |
| 28:51 | Create | Villager (Male) |
| 28:52 | Create | Villager (Male) |
| 29:00 | Create | Cavalry Archer |
| 29:01 | Create | Cavalry Archer |
| 29:29 | Build | Lumber Camp |
| 30:57 | Build | University |
| 31:05 | Create | Cavalry Archer |
| 31:06 | Create | Cavalry Archer |
| 31:06 | Create | Cavalry Archer |
| 32:07 | Build | Stone Wall |
| 32:14 | Create | Villager (Male) |
| 32:14 | Create | Villager (Male) |
| 32:15 | Create | Villager (Male) |
| 32:15 | Create | Villager (Male) |
| 32:15 | Create | Villager (Male) |
| 32:15 | Create | Villager (Male) |
| 32:16 | Create | Villager (Male) |
| 32:20 | Create | Villager (Male) |
| 32:20 | Create | Villager (Male) |
| 32:20 | Create | Villager (Male) |
| 32:20 | Create | Villager (Male) |
| 32:20 | Create | Villager (Male) |
| 32:21 | Create | Villager (Male) |
| 32:26 | Research | Bow Saw |
| 32:28 | Research | Gold Shaft Mining |
| 32:54 | Build | Castle |
| 34:25 | Build | Siege Workshop |
| 34:31 | Build | House |
| 34:32 | Build | House |
| 34:34 | Build | House |
| 34:35 | Build | House |
| 34:41 | Create | Villager (Male) |
| 34:41 | Create | Villager (Male) |
| 34:41 | Create | Villager (Male) |
| 34:42 | Create | Villager (Male) |
| 34:42 | Create | Villager (Male) |
| 34:42 | Create | Villager (Male) |
| 34:49 | Build | Siege Workshop |
| 35:18 | Build | Castle |
| 35:32 | Build | Castle |
| 36:17 | Create | War Wagon |
| 36:18 | Create | War Wagon |
| 36:18 | Create | War Wagon |
| 36:23 | Build | Barracks |
| 36:29 | Research | Murder Holes |
| 36:30 | Research | Ballistics |
| 36:43 | Build | Town Center |
| 36:55 | Research | Imperial Age |
Build order — therealnapoleon
First 150 of 519 actions detected
| 1:40 | Build | Town Center |
| 3:47 | Create | Villager (Male) |
| 3:47 | Create | Villager (Male) |
| 3:47 | Create | Villager (Male) |
| 3:48 | Create | Villager (Male) |
| 3:48 | Create | Villager (Male) |
| 3:48 | Create | Villager (Male) |
| 4:17 | Build | House |
| 5:21 | Create | Villager (Male) |
| 5:21 | Create | Villager (Male) |
| 5:22 | Create | Villager (Male) |
| 5:40 | Build | Lumber Camp |
| 5:48 | Create | Villager (Male) |
| 5:49 | Create | Villager (Male) |
| 6:01 | Build | House |
| 6:04 | Create | Villager (Male) |
| 6:04 | Create | Villager (Male) |
| 7:25 | Create | Villager (Male) |
| 7:26 | Create | Villager (Male) |
| 7:26 | Create | Villager (Male) |
| 7:27 | Create | Villager (Male) |
| 7:46 | Build | Mill |
| 8:29 | Create | Villager (Male) |
| 8:29 | Create | Villager (Male) |
| 8:29 | Create | Villager (Male) |
| 8:57 | Build | House |
| 9:01 | Create | Villager (Male) |
| 9:01 | Create | Villager (Male) |
| 9:01 | Create | Villager (Male) |
| 9:03 | Create | Villager (Male) |
| 9:04 | Create | Villager (Male) |
| 9:07 | Build | House |
| 9:31 | Create | Villager (Male) |
| 9:53 | Create | Villager (Male) |
| 10:18 | Create | Villager (Male) |
| 10:27 | Build | Mill |
| 10:40 | Create | Villager (Male) |
| 11:09 | Create | Villager (Male) |
| 11:09 | Create | Villager (Male) |
| 11:10 | Create | Villager (Male) |
| 11:44 | Create | Villager (Male) |
| 11:44 | Create | Villager (Male) |
| 11:44 | Create | Villager (Male) |
| 12:27 | Create | Villager (Male) |
| 12:34 | Build | House |
| 12:54 | Create | Villager (Male) |
| 12:54 | Create | Villager (Male) |
| 12:55 | Create | Villager (Male) |
| 12:55 | Create | Villager (Male) |
| 13:01 | Build | Dock |
| 13:19 | Build | Lumber Camp |
| 13:43 | Create | Fishing Ship |
| 13:43 | Create | Fishing Ship |
| 13:56 | Create | Villager (Male) |
| 13:57 | Create | Villager (Male) |
| 14:08 | Create | Fishing Ship |
| 14:22 | Build | Lumber Camp |
| 15:07 | Create | Fishing Ship |
| 15:09 | Build | Mining Camp |
| 15:15 | Create | Fishing Ship |
| 15:16 | Create | Fishing Ship |
| 15:22 | Build | House |
| 15:35 | Research | Feudal Age |
| 15:53 | Build | House |
| 15:56 | Create | Fishing Ship |
| 15:57 | Create | Fishing Ship |
| 15:57 | Create | Fishing Ship |
| 16:03 | Create | Villager (Male) |
| 16:04 | Create | Villager (Male) |
| 16:10 | Build | House |
| 16:14 | Build | Palisade Wall |
| 16:17 | Create | Fishing Ship |
| 16:17 | Create | Fishing Ship |
| 16:29 | Create | Villager (Male) |
| 16:29 | Create | Villager (Male) |
| 16:35 | Create | Fishing Ship |
| 16:35 | Create | Fishing Ship |
| 16:35 | Create | Fishing Ship |
| 16:39 | Build | House |
| 16:58 | Create | Fishing Ship |
| 17:17 | Build | House |
| 17:31 | Build | House |
| 17:44 | Build | Barracks |
| 18:04 | Build | Palisade Wall |
| 18:07 | Build | Palisade Wall |
| 18:21 | Build | Farm |
| 18:30 | Build | House |
| 18:46 | Build | Farm |
| 18:55 | Build | House |
| 19:09 | Build | Farm |
| 19:10 | Create | Villager (Male) |
| 19:12 | Create | Villager (Male) |
| 19:21 | Build | House |
| 19:29 | Create | Villager (Male) |
| 19:33 | Build | Farm |
| 19:33 | Build | Farm |
| 19:33 | Build | Farm |
| 19:34 | Build | Farm |
| 19:34 | Build | Farm |
| 19:34 | Build | Farm |
| 19:40 | Build | Farm |
| 19:59 | Create | Fishing Ship |
| 19:59 | Create | Fishing Ship |
| 20:02 | Build | Farm |
| 20:03 | Create | Villager (Male) |
| 20:03 | Create | Villager (Male) |
| 20:13 | Build | House |
| 20:23 | Create | Villager (Male) |
| 20:35 | Create | Fishing Ship |
| 20:35 | Create | Fishing Ship |
| 20:43 | Research | Horse Collar |
| 20:46 | Research | Double-Bit Axe |
| 20:49 | Build | House |
| 20:53 | Build | Farm |
| 20:56 | Create | Villager (Male) |
| 21:06 | Build | Stable |
| 21:10 | Build | Palisade Wall |
| 21:23 | Build | Farm |
| 21:28 | Create | Villager (Male) |
| 21:38 | Build | Blacksmith |
| 21:50 | Build | Farm |
| 21:54 | Create | Villager (Male) |
| 21:54 | Create | Villager (Male) |
| 22:02 | Build | House |
| 22:12 | Build | Palisade Wall |
| 22:19 | Build | Farm |
| 22:28 | Research | Castle Age |
| 22:37 | Research | Tech 906 |
| 22:47 | Create | Scout Cavalry |
| 22:47 | Create | Scout Cavalry |
| 22:54 | Build | Farm |
| 23:11 | Build | Farm |
| 23:17 | Create | Scout Cavalry |
| 23:17 | Create | Scout Cavalry |
| 23:17 | Create | Scout Cavalry |
| 23:53 | Create | Scout Cavalry |
| 23:53 | Create | Scout Cavalry |
| 24:01 | Build | Palisade Wall |
| 24:06 | Create | Scout Cavalry |
| 24:06 | Create | Scout Cavalry |
| 24:40 | Research | Bloodlines |
| 24:49 | Create | Villager (Male) |
| 24:49 | Create | Villager (Male) |
| 24:49 | Create | Villager (Male) |
| 25:06 | Create | Fire Galley |
| 25:07 | Create | Fire Galley |
| 25:07 | Create | Fire Galley |
| 25:07 | Create | Fire Galley |
| 25:11 | Create | Fire Galley |
| 25:14 | Create | Fire Galley |
Match timeline
| 1:58 | Twixxo · resign |
| 3:29 | yabin.belrojo · first_building Dock |
| 7:55 | dmujicagarcia · first_building Dock |
| 8:47 | BurningChild · first_building Dock |
| 10:52 | Chrisavc6256 · first_building Dock |
| 12:22 | dmujicagarcia · first_building Barracks |
| 13:01 | therealnapoleon · first_building Dock |
| 13:27 | HYDROPONIC KING · first_building Barracks |
| 13:37 | Chrisavc6256 · first_building Barracks |
| 13:56 | yabin.belrojo · first_building Barracks |
| 15:30 | yabin.belrojo · first_building Stable |
| 16:14 | therealnapoleon · wall_segment Palisade Wall x6 |
| 17:18 | Chrisavc6256 · first_building Archery Range |
| 17:44 | therealnapoleon · first_building Barracks |
| 17:51 | Chrisavc6256 · wall_segment Palisade Wall x4 |
| 18:04 | therealnapoleon · wall_segment Palisade Wall x1 |
| 18:07 | therealnapoleon · wall_segment Palisade Wall x1 |
| 18:11 | yabin.belrojo · first_building Archery Range |
| 20:13 | dmujicagarcia · first_building Archery Range |
| 21:06 | therealnapoleon · first_building Stable |
| 21:10 | therealnapoleon · wall_segment Palisade Wall x1 |
| 22:12 | therealnapoleon · wall_segment Palisade Wall x5 |
| 24:01 | therealnapoleon · wall_segment Palisade Wall x17 |
| 24:06 | Chrisavc6256 · wall_segment Stone Wall x1 |
| 24:16 | Chrisavc6256 · wall_segment Stone Wall x1 |
| 24:47 | HYDROPONIC KING · first_building Stable |
| 25:33 | BurningChild · first_building Barracks |
| 26:15 | BurningChild · first_building Stable |
| 27:38 | yabin.belrojo · wall_segment Stone Wall x21 |
| 28:05 | therealnapoleon · wall_segment Palisade Wall x14 |
| 28:11 | therealnapoleon · wall_segment Palisade Wall x1 |
| 28:21 | BurningChild · first_building Castle |
| 28:41 | Chrisavc6256 · wall_segment Stone Wall x10 |
| 29:33 | yabin.belrojo · first_building Castle |
| 30:24 | therealnapoleon · wall_segment Palisade Wall x2 |
| 30:26 | therealnapoleon · wall_segment Palisade Wall x10 |
| 30:29 | dmujicagarcia · first_building Castle |
| 31:59 | BurningChild · first_building Siege Workshop |
| 32:07 | Chrisavc6256 · wall_segment Stone Wall x3 |
| 32:20 | therealnapoleon · wall_segment Palisade Wall x17 |
| 32:54 | Chrisavc6256 · first_building Castle |
| 33:26 | HYDROPONIC KING · first_building Castle |
| 33:46 | yabin.belrojo · wall_segment Stone Wall x17 |
| 33:54 | yabin.belrojo · wall_segment Stone Wall x6 |
| 33:58 | therealnapoleon · wall_segment Stone Wall x1 |
| 34:25 | Chrisavc6256 · first_building Siege Workshop |
| 35:21 | yabin.belrojo · first_building Siege Workshop |
| 35:38 | dmujicagarcia · first_building Siege Workshop |
| 35:57 | yabin.belrojo · wall_segment Stone Wall x6 |
| 36:34 | therealnapoleon · wall_segment Stone Wall x7 |
| 36:44 | therealnapoleon · wall_segment Stone Wall x8 |
| 38:05 | Chrisavc6256 · wall_segment Stone Wall x1 |
| 38:43 | therealnapoleon · first_building Monastery |
| 39:37 | yabin.belrojo · wall_segment Stone Wall x14 |
| 40:05 | HYDROPONIC KING · first_building Siege Workshop |
| 42:42 | therealnapoleon · wall_segment Stone Wall x6 |
| 42:49 | therealnapoleon · wall_segment Stone Wall x28 |
| 42:56 | therealnapoleon · wall_segment Stone Wall x20 |
| 43:02 | therealnapoleon · wall_segment Stone Wall x6 |
| 43:52 | therealnapoleon · first_building Castle |
| 45:13 | BurningChild · first_building Archery Range |
| 45:16 | therealnapoleon · wall_segment Stone Wall x8 |
| 45:16 | therealnapoleon · wall_segment Stone Wall x1 |
| 51:30 | dmujicagarcia · first_building Stable |
| 53:07 | therealnapoleon · wall_segment Stone Wall x5 |
| 54:11 | Chrisavc6256 · first_building Stable |
| 55:49 | therealnapoleon · wall_segment Palisade Wall x1 |
| 58:04 | therealnapoleon · first_building Siege Workshop |
| 60:02 | therealnapoleon · wall_segment Stone Wall x11 |
| 62:34 | dmujicagarcia · first_building Monastery |
| 62:39 | therealnapoleon · wall_segment Stone Wall x3 |
| 68:31 | dmujicagarcia · first_market_sell 100 food |
[ AI ANALYSIS · 1 CREDIT ]
What really happened in this match?
Wolo.gg analyzes every decision: build order, eco, micro, common mistakes by bracket. Personalized analysis on WhatsApp or Discord in 30 seconds.
Civ guide
Persians
Perfil
Jugador #21586462